 Dungeon Crawl Stone Soup version 0.19-a0-650-gab89c2a (webtiles) character file.

50415 Niuu the Covert (level 14, -1/65 HPs)
             Began as a Spriggan Wizard on June 14, 2016.
             Was an Initiate of Gozag.
             Slain by a catoblepas (31 damage)
             ... on level 5 of the Lair of Beasts on June 15, 2016.
             The game lasted 03:15:03 (26374 turns).

Niuu the Covert (Spriggan Wizard)                  Turns: 26374, Time: 03:15:04

Health: -1/65      AC:  5    Str:  3    XL:     14   Next: 19%
Magic:  20/30      EV: 26    Int: 24    God:    Gozag
Gold:   916        SH: 10    Dex: 15    Spells: 7 memorised, 16 levels left

rFire  . . .     SeeInvis +     f - +0 dagger
rCold  . . .     Gourm    .     a - +0 robe
rNeg   . . .     Faith    .     T - +2 buckler
rPois  +         Spirit   .     b - +0 hat
rElec  +         Dismiss  .     s - +2 cloak
rCorr  .         Reflect  .     (gloves unavailable)
SustAt +         Harm     .     (boots unavailable)
MR     ++++.                    R - amulet of magic regeneration
Stlth  +++++++...               B - ring "Guasae" {SustAt rElec MR++ Slay+4}
                                k - ring of poison resistance

@: gold aura, repel missiles, very quick, incredibly resistant to hostile
enchantments, extremely stealthy
A: unfitting armour, see invisible, herbivore 3, speed 3, slow metabolism 2
a: Potion Petition, Call Merchant, Bribe Branch, Renounce Religion


You were on level 5 of the Lair of Beasts.
You worshipped Gozag.
Gozag was noncommittal.
You were not hungry.

You visited 3 branches of the dungeon, and saw 18 of its levels.
You also visited: Sewer.

You collected 5445 gold pieces.
You spent 1185 gold pieces at shops.
You paid 3344 gold pieces to Gozag.

Inventory:

Hand Weapons
 f - a +0 dagger (weapon)
 h - a +1 short sword of venom
 I - a +2 short sword of holy wrath
Missiles
 x - 34 poisoned needles
 A - 7 needles of paralysis
 F - 10 needles of confusion
Armour
 a - a +0 robe (worn)
 b - a +0 hat (worn)
 s - a +2 cloak (worn)
 T - a +2 buckler (worn)
Magical Staves
 n - an uncursed staff of energy
Jewellery
 k - a ring of poison resistance (left hand)
 B - the ring "Guasae" (right hand) {SustAt rElec MR++ Slay+4}
   (You bought it in a shop on level 4 of the Lair of Beasts)

   [ring of sustain attributes]

   It sustains your strength, intelligence and dexterity.
   It affects your accuracy and damage with ranged weapons and melee attacks
   (+4).
   It insulates you from electricity.
   It affects your resistance to hostile enchantments.
 R - an amulet of magic regeneration (around neck)
Wands
 E - a wand of lightning (3/15)
 K - a wand of iceblast (5/15)
 L - a wand of flame (25/48)
Scrolls
 g - 5 scrolls of recharging
 i - 7 scrolls of remove curse
 j - 4 scrolls of teleportation
 l - 5 scrolls of amnesia
 m - 4 scrolls of enchant weapon
 p - 16 scrolls of identify
 q - 3 scrolls of immolation
 t - 3 scrolls of enchant armour
 y - 2 scrolls of magic mapping
 G - a scroll of summoning
 Y - a scroll of fear
Potions
 c - 3 potions of mutation
 e - 3 potions of resistance
 o - 2 potions of haste
 u - 6 potions of curing
 v - 6 potions of heal wounds
 w - 3 potions of flight
 J - a potion of agility
 O - 2 potions of might
 P - a potion of invisibility
 Q - a potion of magic
Books
 r - a book of Enchantments

   Spells                             Type                      Level
   a - Cause Fear                     Hexes                        4
   b - Yara's Violent Unravelling     Hexes/Transmutation          5
   c - Silence                        Hexes/Air                    5
   d - Deflect Missiles               Charms/Air                   6
   e - Haste                          Charms                       6
   f - Discord                        Hexes                        8
 z - Axiutok's Grimoire of Black Arts and Curses
   (You found it on level 8 of the Dungeon)

   Spells                             Type                      Level
   a - Sublimation of Blood           Necromancy                   2
   b - Dazzling Spray                 Conjuration/Hexes            3
   c - Fulminant Prism                Conjuration/Hexes            4
   d - Silence                        Hexes/Air                    5
   e - Invisibility                   Hexes                        6
 Z - a book of the Tempests

   Spells                             Type                      Level
   a - Static Discharge               Conjuration/Air              3
   b - Lightning Bolt                 Conjuration/Air              5
   c - Fireball                       Conjuration/Fire             5
   d - Tornado                        Air                          9
   e - Shatter                        Earth                        9
Comestibles
 d - 9 bread rations
 H - 9 royal jellies


   Skills:
 - Level 3.0 Fighting
 - Level 10.0 Short Blades
 - Level 11.2 Dodging
 + Level 14.5 Stealth
 - Level 7.2 Shields
 - Level 11.0 Spellcasting
 - Level 11.0 Conjurations
 - Level 3.1 Charms
   Level 0.7 Summonings
 - Level 4.0 Translocations
 - Level 3.0 Air Magic


You had 16 spell levels left.
You knew the following spells:

 Your Spells              Type           Power        Failure   Level  Hunger
a - Iskenderun's Mystic   Conj           ######..     1%          4    None
b - Blink                 Tloc           N/A          1%          2    None
c - Mephitic Cloud        Conj/Pois/Air  #####...     2%          3    None
q - Fireball              Conj/Fire      #####.....   17%         5    ####...
r - Repel Missiles        Chrm/Air       ####..       1%          2    None
s - Searing Ray           Conj           ######       1%          2    None
z - Magic Dart            Conj           ####         1%          1    None


Dungeon Overview and Level Annotations

Branches:
Dungeon (12/15)            Temple (1/1) D:5            Lair (5/6) D:11
 Shoals (0/4) Lair:3        Snake (0/4) Lair:4        Slime (0/5) Lair:5
    Orc: D:9-12

Altars:
Ashenzari
Cheibriados
Dithmenos
Elyvilon
Fedhas
Gozag
Hepliaklqana
Kikubaaqudgha
Makhleb
Okawaru
Pakellas
Qazlal
Ru
Sif Muna
Trog
Uskayaw
Vehumet
Xom
Yredelemnul
Zin
The Shining One

Shops:
D:9 :   D:10 !   D:12 [   Lair:1 :   Lair:4 =

Annotations:
D:12 1 exclusion, Nessos


Innate Abilities, Weirdness & Mutations

You are tiny and cannot use many weapons and most armour.
You have supernaturally acute eyesight. (SInv)
You are a herbivore.
You cover ground extremely quickly.
You need consume almost no food.


Message History

Aim: a catoblepas (heavily wounded)
The searing ray hits the catoblepas.
The catoblepas is heavily wounded.
The searing ray hits the catoblepas.
The catoblepas is heavily wounded.
The searing ray hits the catoblepas.
The catoblepas is heavily wounded.
Casting: Searing Ray
Confirm with . or Enter, or press ? or * to list all spells.
Aiming: Searing Ray
Press: ? - help, Shift-Dir - straight line, f - you, p - catoblepas The searing ray hits the catoblepas.
The catoblepas is severely wounded.
The searing ray hits the catoblepas.
The catoblepas is severely wounded.
The searing ray hits the catoblepas.
The catoblepas is almost dead.
You finish channeling your searing ray.
The catoblepas gores you!!
You die...
Your body crumbles into a pile of gold.

...............P.................
.................................
.................................
...............>.................
#................................
#........P...<.<.<...............
............)...........#..#....#
...............>.Y......#..#.#.##
................@..........#.P.PP
...............%........#........
...............P.................
#................................
P........................P.......
##....[.#.P..............P.....P.
###.........##................P.
##......P.#..##..................
#P........##.###.................


You could see a catoblepas.

Vanquished Creatures
  Rupert (Lair:5)
  6 hydras
  Harold (Lair:3)
  12 death yaks
  3 hill giants
  An oklob plant (Lair:5)
  2 ugly things (D:10)
  2 cyclopes
  A manticore (D:11)
  A centaur zombie (D:12)
  22 elephants
  2 black mambas
  7 spiny frogs
  A torpor snail (Lair:5)
  5 komodo dragons
  A troll (D:10)
  3 polar bears (Lair:3)
  2 slime creatures (D:11)
  10 blink frogs
  Prince Ribbit (D:6)
  A wyvern (D:8)
  The ghost of crossborder the Ruffian, an amateur HOMo (D:3)
  43 yaks
  A wraith (D:11)
  A steam dragon (Lair:3)
  2 hungry ghosts
  Eustachio (D:5)
  4 hippogriffs
  3 nagas (Lair:4)
  2 soldier ants (D:8)
  10 water moccasins
  5 porcupines
  5 orc warriors
  2 sky beasts (D:7)
  2 necrophages (D:10)
  3 ice beasts
  7 black bears
  4 phantoms (D:10)
  12 ogres
  9 centaurs
  8 wolves
  9 crocodiles
  A big kobold (Sewer)
  A wyvern zombie (D:7)
  17 giant frogs
  A water moccasin skeleton (D:8)
  5 killer bees (D:7)
  4 wights
  6 howler monkeys
  5 crimson imps
  2 giant frog zombies
  7 jellies
  2 hounds
  A giant frog skeleton (D:11)
  12 orc priests
  A gnoll shaman (D:10)
  12 orc wizards
  7 iguanas
  9 worker ants
  13 hell rats
  A hound zombie (D:10)
  3 hound skeletons
  2 mummies
  A worker ant zombie (D:11)
  Robin (D:4)
  3 gnolls (D:10)
  8 adders
  46 river rats
  2 shadow imps
  2 oozes (Lair:5)
  6 worms
  A dart slug (D:1)
  4 giant geckos
  56 orcs
  3 ball pythons
  4 giant cockroaches
  11 goblins
  6 hobgoblins
  7 jackals
  5 quokkas
  3 sheep
  5 bats
  6 giant newts
  11 kobolds
  A quokka skeleton (D:4)
  33 rats
556 creatures vanquished.

Vanquished Creatures (others)
  4 fungi
  21 plants
  4 toadstools (D:1)
  2 withered plants (D:10)
31 creatures vanquished.

Grand Total: 587 creatures vanquished

Notes
Turn   | Place    | Note
--------------------------------------------------------------
     0 | D:1      | Niuu the Spriggan Wizard began the quest for the Orb.
     0 | D:1      | Reached XP level 1. HP: 9/9 MP: 6/6
    80 | D:1      | Reached skill level 1 in Conjurations
   185 | D:1      | Reached XP level 2. HP: 13/13 MP: 0/8
  1111 | D:2      | Found a radiant altar of Vehumet.
  1348 | D:2      | Found a deep blue altar of Sif Muna.
  1385 | D:2      | Reached XP level 3. HP: 12/16 MP: 1/9
  1617 | D:2      | Found a basalt altar of Yredelemnul.
  2343 | D:3      | Learned a level 2 spell: Blink
  2346 | D:3      | Learned a level 2 spell: Repel Missiles
  2350 | D:3      | Learned a level 3 spell: Conjure Flame
  2371 | D:3      | Noticed crossborder's ghost (amateur HOMo)
  2721 | D:3      | Reached XP level 4. HP: 21/21 MP: 2/11
  3131 | D:3      | Found a glowing drain.
  3239 | Sewer    | Entered a sewer
  3321 | Sewer    | Noticed a big kobold
  3501 | Sewer    | Killed a big kobold
  3501 | Sewer    | Reached XP level 5. HP: 24/24 MP: 3/12
  3588 | Sewer    | Found a white marble altar of Elyvilon.
  3631 | Sewer    | Gained mutation: You are somewhat resistant to further mutation. [potion of beneficial mutation]
  3809 | D:4      | Found a shimmering altar of Xom.
  3809 | D:4      | Noticed Robin
  4378 | D:3      | HP: 1/24 [orc priest/nerve-wracking pain (9)]
  4921 | D:4      | Noticed an ogre
  4944 | D:4      | Killed an ogre
  4944 | D:4      | Reached skill level 5 in Spellcasting
  4944 | D:4      | Reached XP level 6. HP: 28/28 MP: 4/15
  5283 | D:4      | Killed Robin
  5510 | D:4      | Gained mutation: You are agile. (Dex +2) [potion of mutation]
  5857 | D:4      | Reached XP level 7. HP: 32/32 MP: 9/17
  5862 | D:4      | Learned a level 3 spell: Mephitic Cloud
  5950 | D:5      | Entered Level 5 of the Dungeon
  5995 | D:5      | Found a snail-covered altar of Cheibriados.
  6245 | D:5      | Found a staircase to the Ecumenical Temple.
  6253 | Temple   | Entered the Ecumenical Temple
  6679 | D:5      | Noticed Eustachio
  7122 | D:5      | Reached skill level 5 in Stealth
  7145 | D:5      | Found an opulent altar of Gozag.
  7146 | D:5      | Found an iron altar of Okawaru.
  7150 | D:5      | Became a worshipper of Gozag Ym Sagoz the Greedy
  7346 | D:6      | Reached XP level 8. HP: 36/36 MP: 18/21
  7387 | D:6      | Found a shimmering altar of Xom.
  7404 | D:6      | Reached skill level 6 in Stealth
  7469 | D:6      | Reached skill level 7 in Stealth
  7616 | D:6      | Reached skill level 8 in Stealth
  7869 | D:6      | Noticed Prince Ribbit
  7902 | D:6      | Killed Prince Ribbit
  7902 | D:6      | Reached skill level 9 in Stealth
  8450 | D:5      | Reached skill level 10 in Stealth
  8512 | D:5      | Killed Eustachio
  8586 | D:7      | Reached skill level 11 in Stealth
  8817 | D:7      | Found a white marble altar of Elyvilon.
  8896 | D:7      | Reached skill level 12 in Stealth
  8908 | D:7      | Reached XP level 9. HP: 39/39 MP: 11/22
  9349 | D:7      | Identified a scroll of acquirement
  9453 | D:7      | Reached skill level 13 in Stealth
  9752 | D:7      | Reached skill level 5 in Dodging
  9857 | D:8      | Identified Axiutok's Grimoire of Black Arts and Curses
 10159 | D:8      | Found a blossoming altar of Fedhas.
 10304 | D:8      | Found a bloodstained altar of Trog.
 10326 | D:8      | Found a shadowy altar of Dithmenos.
 10427 | D:8      | Reached skill level 10 in Dodging
 10511 | D:8      | Reached skill level 1 in Fighting
 10639 | D:8      | Reached XP level 10. HP: 43/47 MP: 17/23
 11380 | D:9      | Reached skill level 1 in Air Magic
 11857 | D:9      | Found a sacrificial altar of Ru.
 11872 | D:9      | Found a glowing silver altar of Zin.
 11994 | D:10     | Entered Level 10 of the Dungeon
 12299 | D:10     | Lost mutation: You are agile. (Dex +2) [potion of cure mutation]
 12299 | D:10     | Lost mutation: You are somewhat resistant to further mutation. [potion of cure mutation]
 13108 | D:10     | Noticed a hill giant
 13114 | D:10     | Noticed a cyclops
 13168 | D:10     | Reached skill level 5 in Conjurations
 13202 | D:10     | Bought 2 potions of degeneration for 28 gold pieces
 13348 | D:10     | Reached skill level 1 in Short Blades
 13477 | D:10     | Killed a hill giant
 13477 | D:10     | Reached skill level 5 in Short Blades
 13632 | D:10     | Killed a cyclops
 14052 | D:10     | Reached XP level 11. HP: 52/52 MP: 8/24
 14436 | D:11     | Noticed an eight-headed hydra
 14452 | D:11     | Found a staircase to the Lair.
 14484 | D:11     | Noticed a cyan ugly thing
 14689 | D:10     | Killed a cyan ugly thing
 14991 | D:11     | Noticed a brown ugly thing
 15203 | D:10     | Killed a brown ugly thing
 16062 | D:11     | Killed an eight-headed hydra
 16154 | D:11     | Reached skill level 10 in Short Blades
 16470 | D:11     | Noticed a hill giant
 16478 | D:11     | Killed a hill giant
 17232 | D:12     | Reached skill level 1 in Shields
 17289 | D:12     | Noticed a hill giant
 17304 | D:12     | Killed a hill giant
 17497 | D:12     | Found Xeicamax's Armour Boutique.
 17540 | D:12     | Noticed Nessos
 18103 | Lair:1   | Entered Level 1 of the Lair of Beasts
 18753 | Lair:1   | Reached XP level 12. HP: 53/56 MP: 17/25
 19568 | Lair:1   | Bought a book of Conjurations for 420 gold pieces
 19574 | Lair:1   | Learned a level 4 spell: Iskenderun's Mystic Blast
 19577 | Lair:1   | Learned a level 2 spell: Searing Ray
 19600 | Lair:1   | Noticed an eight-headed hydra
 19651 | Lair:1   | Killed an eight-headed hydra
 19651 | Lair:1   | Reached skill level 5 in Shields
 20316 | Lair:2   | Noticed a death yak
 20317 | Lair:2   | Noticed a death yak
 20321 | Lair:2   | Noticed a death yak
 20324 | Lair:2   | Noticed a death yak
 20333 | Lair:2   | Noticed a death yak
 20375 | Lair:1   | Killed a death yak
 20636 | Lair:1   | Killed a death yak
 20801 | Lair:1   | Killed a death yak
 20827 | Lair:1   | Killed a death yak
 20870 | Lair:2   | Killed a death yak
 21032 | Lair:2   | Reached skill level 10 in Spellcasting
 21815 | D:3      | Killed crossborder's ghost
 22285 | Lair:3   | Found a staircase to the Shoals.
 22314 | Lair:3   | Noticed a death yak
 22315 | Lair:3   | Noticed a death yak
 22315 | Lair:3   | Noticed a death yak
 22558 | Lair:3   | Noticed a death yak
 22561 | Lair:3   | Noticed a death yak
 22562 | Lair:3   | Noticed a death yak
 22616 | Lair:3   | Killed a death yak
 22640 | Lair:3   | Killed a death yak
 22653 | Lair:3   | Reached XP level 13. HP: 47/60 MP: 19/29
 22914 | Lair:3   | Got a steaming mace
 22916 | Lair:3   | Identified the +10 mace of Deomai {pain, *Rage rElec MR+ Str+7} (You found it on level 3 of the Lair of Beasts)
 23246 | Lair:3   | Noticed Harold
 23301 | Lair:3   | Killed Harold
 24065 | Lair:4   | Learned a level 5 spell: Fireball
 24261 | Lair:4   | Found a staircase to the Snake Pit.
 24398 | Lair:4   | Bought the ring "Guasae" {SustAt rElec MR++ Slay+4} for 737 gold pieces
 24493 | Lair:4   | Reached skill level 10 in Conjurations
 24579 | Lair:4   | Found a stormy altar of Qazlal.
 25587 | Lair:5   | Noticed Rupert
 25615 | Lair:5   | Killed Rupert
 25615 | Lair:5   | Reached XP level 14. HP: 60/65 MP: 19/30
 25756 | Lair:5   | Upgraded the game from 0.19-a0-644-gd04d753 to 0.19-a0-650-gab89c2a
 25913 | Lair:5   | Reached skill level 14 in Stealth
 26139 | Lair:5   | Found a staircase to the Slime Pits.
 26374 | Lair:5   | Slain by a catoblepas

Vault maps used:
D:1:      ldierk_walled_garden_2
D:2:      overflow_temple_1_default, lemuel_doored_altar, lemuel_blue_sif_altar
D:3:      gup_sewer_entry_bubbles, first_bread
D:4:      overflow_temple_1_default, uniq_robin
D:5:      slow_altar_1, minitemple, temple_statues, serial_bayou_crossing,
          uniq_eustachio
D:6:      serial_bayou_lagoon_a, dk_xom_monty_hall, uniq_prince_ribbit1
D:7:      lemuel_round_altar
D:8:      kennysheep_little_box, fedhas_altar_1, kennysheep_mini_moat,
          nicolae_overflow_hidden_temple, hangedman_pestilent_swarm,
          minmay_orc_keep
D:9:      amethyst_overflow_temple_binary
D:10:     serial_undead, serial_undead_b, serial_undead_f, serial_undead_b,
          serial_undead_f
D:11:     dpeg_lair_monsters
D:12:     minmay_orc_entry_guard_dogs, serial_shops, shop, uniq_nessos
Temple:   minmay_temple_curvy_8
Lair:1:   lemuel_ratsnest, minivault_26, serial_bayou_shore_b
Lair:3:   beast_lair_carwin_large_1, minmay_shoals_entry_centaurs,
          grunt_forest_small_clearing_treed, uniq_harold
Lair:4:   minmay_snake_entry_guardpost_small, basic_altar, beast_lair_carwin_5,
          grunt_megastairs_4
Lair:5:   dpeg_oklob_shooting_range, nicolae_slime_entry_slimehenge, uniq_rupert
Sewer:    sewer_kobolds

Skill      XL: |  1  2  3  4  5  6  7  8  9 10 11 12 13 14 |
---------------+-------------------------------------------+-----
Conjurations   | 1 2 3 4 5 6 10 11 | 11.0
Spellcasting   | 5 6 8 11 | 11.0
Translocations | 4 |  4.0
Charms         | 3 |  3.1
Stealth        | 5 12 13 14 | 14.5
Dodging        | 10 11 | 11.2
Fighting       | 2 3 |  3.0
Air Magic      | 3 |  3.0
Short Blades   | 6 10 | 10.0
Shields        | 4 7 |  7.2
Summonings     | |  0.7

Action                   |  1- 3 |  4- 6 |  7- 9 | 10-12 | 13-15 || total
-------------------------+-------+-------+-------+-------+-------++-------
Melee: Unarmed           |     1 |       |       |       |       ||     1
       Dagger            |    18 |    14 |   137 |   874 |   403 ||  1446
       Mace              |       |       |       |       |    17 ||    17
 Cast: Magic Dart        |   126 |   167 |   267 |   598 |    19 ||  1177
       Blink             |       |     1 |       |     5 |     4 ||    10
       Mephitic Cloud    |       |       |    23 |   137 |    70 ||   230
       Repel Missiles    |       |       |     1 |       |       ||     1
       Searing Ray       |       |       |       |    34 |    43 ||    77
       Iskenderun's Myst |       |       |       |       |     9 ||     9
Invok: Call Merchant     |       |       |       |     3 |     1 ||     4
  Use: Potion            |     1 |     9 |       |     3 |     1 ||    14
       Scroll            |       |     2 |    11 |     4 |     3 ||    20
 Stab: Sleeping          |     3 |     5 |    11 |    37 |    20 ||    76
       Distracted        |       |     1 |     1 |     3 |       ||     5
       Confused          |       |       |    25 |   127 |    93 ||   245
       Invisible         |       |       |       |     2 |       ||     2
  Eat: Fruit             |       |     3 |       |     5 |       ||     8
       Bread ration      |       |       |     1 |       |       ||     1
       Royal jelly       |       |       |       |     1 |       ||     1
       Pizza             |       |       |       |     4 |       ||     4
Armor: Robe              |     2 |       |    13 |    34 |    11 ||    60
Dodge: Dodged            |    14 |    22 |    97 |   452 |   147 ||   732
       Deflected         |       |       |     1 |     4 |     2 ||     7
Block: Buckler           |       |       |       |       |    70 ||    70
